 Dungeon Crawl Stone Soup version 0.22.1-2-g9c5b331 (webtiles) character file.

565 PaladinM the Slasher (level 7, -5/52 HPs)
             Began as a Human Fighter on Jan 1, 2019.
             Slain by Pikel
             ... wielding a +0 whip of electrocution
              (20 damage)
             ... on level 5 of the Dungeon.
             The game lasted 00:13:40 (3674 turns).

PaladinM the Slasher (Human Fighter)                Turns: 3674, Time: 00:13:41

Health: -5/52      AC: 12    Str: 23    XL:     7   Next: 58%
Magic:  7/7        EV:  4    Int:  8    God:
Gold:   197        SH:  9    Dex: 13    Spells: 6/6 levels left

rFire    . . .     SeeInvis .   a - +0 long sword
rCold    + . .     Gourm    .   c - +0 shield
rNeg     . . .     Faith    .   j - +0 plate armour
rPois    .         Spirit   .   (no helmet)
rElec    .         Reflect  .   u - +0 cloak
rCorr    .         Harm     .   (no gloves)
MR       .....                  (no boots)
Stlth    ..........             l - amulet of the acrobat
HPRegen  0.17/turn              t - ring of protection from cold
MPRegen  0.10/turn              (no ring)

@: mighty
A: no striking features
a: no special abilities


You were on level 5 of the Dungeon.
You were near starving.

You visited 1 branch of the dungeon, and saw 5 of its levels.

You collected 197 gold pieces.

Inventory:

Hand Weapons
 a - a +0 long sword (weapon)
Armour
 c - a +0 shield (worn)
 j - a +0 plate armour (worn)
 u - a +0 cloak (worn)
Jewellery
 l - an amulet of the acrobat (around neck)
 t - a ring of protection from cold (left hand)
Scrolls
 b - 3 scrolls of remove curse
 i - 2 scrolls of enchant weapon
 k - 2 scrolls of amnesia
 n - a scroll of immolation {unknown}
 p - a scroll of fog
Potions
 e - a potion of invisibility {unknown}
 g - a potion of brilliance {unknown}
 h - a potion of mutation {unknown}
 m - 3 potions of curing
 o - 3 potions of agility {unknown}
 q - 4 potions of degeneration {unknown}
 r - a potion of heal wounds {unknown}
 s - a potion of lignification {unknown}
Comestibles
 f - 14 rations


   Skills:
 - Level 3.1 Fighting
 + Level 7.6 Long Blades
 - Level 3.1 Armour
 - Level 3.2 Shields


You had 6 spell levels left.
You didn't know any spells.
Your spell library was empty.

Dungeon Overview and Level Annotations

Branches:
Dungeon (5/15)
 Temple: D:4-7

Altars:
Okawaru
Sif Muna
Uskayaw
Vehumet
Xom

Annotations:
D:4 Blork the orc
D:5 Pikel


Message History

Pikel is heavily wounded.
Pikel hits you but does no damage.
You closely miss Pikel.
Pikel is heavily wounded.
Pikel hits you but does no damage.
A slave comes into view.
You slash Pikel!
Pikel is severely wounded.
Pikel barely misses you.
You riposte.
You barely miss Pikel.
Pikel is severely wounded.
You slash Pikel!
Pikel is almost dead.
Pikel hits you with a whip of electrocution.
You are electrocuted!
Pikel hits you with a whip of electrocution.
* * * LOW HITPOINT WARNING * * *
You barely miss Pikel.
Pikel is almost dead.
Pikel hits you but does no damage.
You are electrocuted!
You die...

###### #ppK@#
#.####
#........p....
#.####.###....
... .. #..
#... #...
#####


You could see Pikel and 2 slaves.

Vanquished Creatures
  Eustachio (D:4)
  A phantom (D:4)
  A slave (D:5)
  A hound (D:4)
  An orc wizard (D:3)
  2 iguanas (D:4)
  2 worker ants
  7 gnolls
  An adder (D:3)
  3 oozes
  A worm (D:2)
  A dart slug (D:1)
  A leopard gecko (D:1)
  15 orcs
  2 ball pythons (D:2)
  6 giant cockroaches
  5 goblins
  8 hobgoblins
  4 jackals
  7 kobolds
  A bat (D:3)
  5 frilled lizards
  A quokka skeleton (D:5)
  3 rats
80 creatures vanquished.

Notes
Turn   | Place    | Note
-------+----------+-------------------------------------------
     0 | D:1      | PaladinM the Human Fighter began the quest for the Orb.
     0 | D:1      | Reached XP level 1. HP: 18/18 MP: 1/1
     6 | D:1      | Found a shimmering altar of Xom.
    18 | D:1      | Reached XP level 2. HP: 16/24 MP: 2/2
   295 | D:1      | Reached XP level 3. HP: 29/29 MP: 3/3
   618 | D:2      | Reached skill level 3 in Long Blades
   782 | D:2      | Found an iron altar of Okawaru.
  1203 | D:3      | Reached XP level 4. HP: 35/35 MP: 4/4
  1390 | D:3      | Reached skill level 4 in Long Blades
  1443 | D:3      | Found a hide-covered altar of Uskayaw.
  1701 | D:2      | Reached XP level 5. HP: 19/41 MP: 5/5
  2557 | D:3      | Reached skill level 5 in Long Blades
  2607 | D:4      | Found a radiant altar of Vehumet.
  2633 | D:4      | Noticed Eustachio
  2653 | D:4      | Killed Eustachio
  2653 | D:4      | Reached skill level 6 in Long Blades
  2653 | D:4      | Reached XP level 6. HP: 31/47 MP: 6/6
  2852 | D:4      | Noticed a phantom
  2889 | D:4      | Killed a phantom
  2889 | D:4      | Reached XP level 7. HP: 38/52 MP: 7/7
  2907 | D:4      | Reached skill level 7 in Long Blades
  3070 | D:4      | Found a deep blue altar of Sif Muna.
  3309 | D:5      | Entered Level 5 of the Dungeon
  3355 | D:5      | Noticed Blork the orc
  3663 | D:5      | Noticed Pikel
  3674 | D:5      | Slain by Pikel

Skill      XL: |  1  2  3  4  5  6  7 |
---------------+----------------------+-----
Long Blades    | 3 4 6 7 |  7.6
Fighting       | |  3.1
Armour         | |  3.1
Shields        | |  3.2

Action                   |  1- 3 |  4- 6 |  7- 9 || total
-------------------------+-------+-------+-------++-------
Melee: Long sword        |   102 |   193 |   100 ||   395
  Use: Scroll            |       |       |     4 ||     4
       Potion            |       |       |     2 ||     2
  Eat: Chunk             |       |     6 |     2 ||     8
Armor: Scale mail        |    14 |       |       ||    14
       Plate armour      |    50 |   145 |    55 ||   250
       Chain mail        |     2 |       |       ||     2
Dodge: Dodged            |    16 |    23 |    20 ||    59
Block: Shield            |    47 |   116 |    49 ||   212
       Rpst.: Long sword |     3 |     9 |     8 ||    20
